 Dungeon Crawl Stone Soup version 0.23.2-1-ga50397a (webtiles) character file.

Game seed: 1839879324137744211

83 Gorkamorka the Firebug (level 4, 0/49 HPs)
             Began as a Draconian Fire Elementalist on Apr 16, 2019.
             Was an Initiate of Vehumet.
             Slain by Edmund
             ... wielding a +3 flail of holy wrath
              (4 damage)
             ... on level 3 of the Dungeon.
             The game lasted 00:19:41 (2382 turns).

Gorkamorka the Firebug (DrFE)                       Turns: 2382, Time: 00:19:42

Health: 0/49       AC:  7    Str: 15    XL:     4   Next: 22%
Magic:  8/8        EV: 12    Int: 17    God:    Vehumet [......]
Gold:   96         SH:  0    Dex: 11    Spells: 5/8 levels left

rFire    . . .     SeeInvis .   a - +0 whip
rCold    . . .     Gourm    .   (no shield)
rNeg     . . .     Faith    .   (armour unavailable)
rPois    .         Spirit   .   (helmet restricted)
rElec    .         Reflect  .   (no cloak)
rCorr    .         Harm     .   (no gloves)
MR       .....                  b - +1 pair of boots
Stlth    ..........             m - amulet of magic regeneration
HPRegen  0.16/turn              (no ring)
MPRegen  0.36/turn              (no ring)

@: berserking (expiring), very quick
A: unfitting armour, cold-blooded, AC +5
a: Renounce Religion


You were on level 3 of the Dungeon.
You worshipped Vehumet.
Vehumet was noncommittal.
You were not hungry.

You visited 1 branch of the dungeon, and saw 4 of its levels.

You collected 96 gold pieces.

Inventory:

Hand Weapons
 a - a +0 whip (weapon)
Armour
 b - a +1 pair of boots (worn)
Jewellery
 m - an amulet of magic regeneration (around neck)
Scrolls
 c - a scroll of blinking {unknown}
 e - a scroll of enchant armour {unknown}
 g - 2 scrolls of identify {unknown}
 h - a scroll of amnesia {unknown}
 k - a scroll of remove curse {unknown}
 n - a scroll of teleportation {unknown}
Potions
 d - a potion of berserk rage
 f - a potion of might {unknown}
 i - a potion of ambrosia {unknown}
 l - 2 potions of curing {unknown}
Comestibles
 j - 4 rations


   Skills:
 + Level 2.3 Dodging
 + Level 2.3 Stealth
 + Level 2.9 Spellcasting
 + Level 1.5 Conjurations
 + Level 3.4 Fire Magic


You had 5 spell levels left.
You knew the following spells:

 Your Spells              Type           Power        Failure   Level  Hunger
a - Flame Tongue          Conj/Fire      ##...        6%          1    None
b - Throw Flame           Conj/Fire      ##....       10%         2    ##.....

Your spell library contained the following spells:

 Spells                   Type           Power        Failure   Level  Hunger
 Conjure Flame            Conj/Fire      ##......     19%         3    ###....
 Inner Flame              Hex/Fire       #.......     26%         3    ###....
 Sticky Flame             Conj/Fire      ##......     54%         4    ####...
 Fireball                 Conj/Fire      ##........   87%         5    ######.


Dungeon Overview and Level Annotations

Branches:
Dungeon (4/15)
 Temple: D:4-7

Altars:
Dithmenos
Elyvilon
Fedhas
Kikubaaqudgha
Trog
Vehumet

Annotations:
D:3 Edmund


Innate Abilities, Weirdness & Mutations

Your plain brown scales are hard. (AC +5)
You cannot fit into any form of body armour.
You are cold-blooded and may be slowed by cold attacks.


Message History

Edmund is heavily wounded.
You hit Edmund.
Edmund is severely wounded.
Edmund hits you but does no damage.
You barely miss Edmund.
Edmund is severely wounded.
Edmund hits you with a +3 flail of holy wrath!
* * * LOW HITPOINT WARNING * * *
You barely miss Edmund.
Edmund is severely wounded.
You hit Edmund but do no damage.
Edmund is severely wounded.
Edmund hits you with a +3 flail of holy wrath.
* * * LOW HITPOINT WARNING * * *
You barely miss Edmund.
Edmund is severely wounded.
You whack Edmund!
Your tail-slap misses Edmund.
Edmund is almost dead.
Edmund hits you with a +3 flail of holy wrath.
You die...

[..............#....# #......##.#
............#......####.##.####.#
............#..#........##.# #.#
##.........###.#..########.# #.#
##.........#......#.<......# #.#
#...(.....#.##.....#..########.#
##........#..#...#..........##.#
#.######..#.#..@#.###########.#
#.# #.........@†..............#
#.# #.##..#...###.###########.#
#.# #.##......###.#<..# #.. #.#
#.##...#......###.# ### ###.#
#.##...#.###......# ....#
#....#.#.# ##.##### ...##
######.#≈# ### ##.# #.#≈# #.#
#.#§#


You could see Edmund.

Vanquished Creatures
  3 adders
  A worm (D:2)
  2 dart slugs
  2 leopard geckos (D:3)
  3 orcs (D:3)
  8 bats
  4 giant cockroaches
  3 goblins
  2 hobgoblins (D:1)
  2 jackals (D:1)
  A quokka (D:2)
  5 frilled lizards
  6 kobolds
  5 rats
47 creatures vanquished.

Notes
Turn   | Place    | Note
-------+----------+-------------------------------------------
     0 | D:1      | Gorkamorka the Draconian Fire Elementalist began the quest
                  | for the Orb.
     0 | D:1      | Reached XP level 1. HP: 14/14 MP: 3/3
   210 | D:1      | Reached XP level 2. HP: 7/20 MP: 0/5
   500 | D:1      | Learned a level 2 spell: Throw Flame
   980 | D:2      | Found a blossoming altar of Fedhas.
  1149 | D:2      | Reached XP level 3. HP: 26/26 MP: 0/6
  1284 | D:2      | You fall through a shaft!
  1470 | D:3      | Found a bloodstained altar of Trog.
  1470 | D:3      | Found a white marble altar of Elyvilon.
  1476 | D:3      | Found a radiant altar of Vehumet.
  1480 | D:3      | Found an ancient bone altar of Kikubaaqudgha.
  1482 | D:3      | Found a shadowy altar of Dithmenos.
  1486 | D:3      | Became a worshipper of Vehumet
  1663 | D:2      | Reached XP level 4. HP: 33/33 MP: 4/8
  2346 | D:4      | Noticed Edmund
  2382 | D:3      | Slain by Edmund

Skill      XL: |  1  2 |
---------------+-------+-----
Stealth        | 2 |  2.3
Dodging        | 2 |  2.3
Spellcasting   | |  2.9
Conjurations   | |  1.5
Fire Magic     | |  3.4

Action                   |  1- 3 |  4- 6 || total
-------------------------+-------+-------++-------
Melee: Whip              |    17 |    13 ||    30
       Unarmed           |     4 |       ||     4
       Tailslap          |     2 |     1 ||     3
 Cast: Flame Tongue      |    51 |    14 ||    65
       Throw Flame       |    12 |     3 ||    15
  Use: Potion            |       |     1 ||     1
 Stab: Sleeping          |     1 |       ||     1
  Eat: Ration            |     1 |     1 ||     2
       Chunk             |     1 |       ||     1
Armor: Skin              |    34 |     1 ||    35
Dodge: Dodged            |    82 |     8 ||    90
